 Dungeon Crawl Stone Soup version 0.20.1-1-g8b1a95d (webtiles) character file.

31 Zachthehappycat the Gusty (level 3, 0/19 HPs)
             Began as a Tengu Air Elementalist on July 6, 2017.
             Slain by a white imp (4 damage)
             ... summoned by Natasha
             ... on level 2 of the Dungeon.
             The game lasted 00:02:35 (2204 turns).

Zachthehappycat the Gusty (Tengu Air Elementalist)  Turns: 2204, Time: 00:02:36

Health: 0/19       AC:  2    Str:  8    XL:     3   Next: 22%
Magic:  7/7        EV: 12    Int: 15    God:
Gold:   77         SH:  3    Dex: 15    Spells: 5/6 levels left

rFire    . . .     SeeInvis .   g - +0 dagger
rCold    . . .     Gourm    .   n - +0 buckler
rNeg     . . .     Faith    .   a - +0 robe
rPois    .         Spirit   .   (helmet restricted)
rElec    .         Reflect  .   (no cloak)
rCorr    .         Harm     .   (no gloves)
MR       .....                  (boots unavailable)
Stlth    ++........             (no amulet)
Regen    0.1/turn               (no ring)
MPRegen  0.1/turn               (no ring)

@: slowed, very slow
A: beak, talons 3
a: no special abilities


You were on level 2 of the Dungeon.
You were not hungry.

You visited 1 branch of the dungeon, and saw 2 of its levels.

You collected 77 gold pieces.

Inventory:

Hand Weapons
 g - a +0 dagger (weapon)
Missiles
 h - 91 stones (quivered)
Armour
 a - a +0 robe (worn)
 n - a +0 buckler (worn)
Jewellery
 k - an uncursed ring of ice {unknown}
Scrolls
 d - a scroll of enchant weapon {unknown}
 f - 2 scrolls of identify {unknown}
 i - a scroll of teleportation {unknown}
 l - a scroll of enchant armour {unknown}
 m - 2 scrolls of remove curse {unknown}
Potions
 e - a potion of agility {unknown}
 j - a potion of magic {unknown}
 o - 2 potions of degeneration {unknown}
 p - a potion of haste {unknown}
Books
 b - a book of Air

   Spells                             Type                      Level
   a - Shock                          Conjuration/Air              1
   b - Swiftness                      Charms/Air                   2
   c - Static Discharge               Conjuration/Air              3
   d - Airstrike                      Air                          4
   e - Lightning Bolt                 Conjuration/Air              5


   Skills:
 + Level 2.5 Dodging
 + Level 2.8 Stealth
 + Level 2.2 Spellcasting
 + Level 2.0 Conjurations
 + Level 4.2 Air Magic


You had 5 spell levels left.
You knew the following spells:

 Your Spells              Type           Power        Failure   Level  Hunger
a - Shock                 Conj/Air       ##..         10%         1    #......


Dungeon Overview and Level Annotations

Branches:
Dungeon (2/15)

Altars:

Annotations:
D:2 Natasha


Innate Abilities, Weirdness & Mutations

You have a beak for a mouth.
You have claws for feet.


Message History

Natasha is lightly wounded.
Natasha mumbles some strange words.
You hit Natasha but do no damage. You peck Natasha.
Natasha is moderately wounded.
Natasha casts a spell at you. The magic dart hits you!
The white imp closely misses you.
You hit Natasha. Your kick misses Natasha. Your peck misses Natasha.
Natasha is moderately wounded.
Natasha casts a spell at you.
You feel yourself slow down. You block the white imp's attack.
You closely miss Natasha.
Natasha is moderately wounded.
Natasha barely misses you.
The white imp hits you but does no damage.
You closely miss Natasha.
Natasha is moderately wounded.
Natasha claws you! The white imp hits you.
* * * LOW HITPOINT WARNING * * *
The white imp freezes you.
You die...

#.#
#....'....
#.# .#
#.####....
#.# ..# #.#
#.... #.#
..# #.#
#.... #.#
..# #.#
#.... ###.#
# #.# #.#
#.... #...#
#.#######.#
#.# #....
###.#
#....5....#
#.########
#.#
#...h@....#
#...†.....
#.#
#$#######.#
########.#
#.# #.# #.#
###.#
#.##### #..
#...#
#.....# #..
###.#
#####.# ##.
#.# #.# #.
#.#
#.#######.
#.#
#.........


You could see Natasha and a white imp.

Vanquished Creatures
  2 adders (D:2)
  A giant cockroach (D:1)
  2 goblins (D:1)
  2 hobgoblins
  2 kobolds (D:1)
  A bat (D:2)
  A frilled lizard (D:2)
  3 rats (D:1)
14 creatures vanquished.

Notes
Turn   | Place    | Note
-------+----------+-------------------------------------------
     0 | D:1      | Zachthehappycat the Tengu Air Elementalist began the quest for the Orb.
     0 | D:1      | Reached XP level 1. HP: 10/10 MP: 4/4
   757 | D:1      | Reached XP level 2. HP: 2/15 MP: 6/6
  1662 | D:2      | Reached XP level 3. HP: 12/19 MP: 2/7
  2194 | D:2      | Noticed Natasha
  2204 | D:2      | Slain by a white imp

Skill      XL: |  1  2 |
---------------+-------+-----
Conjurations   | 2 |  2.0
Dodging        | |  2.5
Stealth        | |  2.8
Spellcasting   | |  2.2
Air Magic      | |  4.2

Action                   || total
-------------------------++-------
Melee: Dagger            ||    49
       Kick              ||    12
       Peck              ||    11
       Unarmed           ||     1
 Cast: Shock             ||     7
 Stab: Sleeping          ||     1
  Eat: Bread ration      ||     1
Armor: Robe              ||     6
Dodge: Dodged            ||    15
Block: Buckler           ||     1
